 Dungeon Crawl Stone Soup version 0.29.1-15-g9cfb28693d (webtiles) character file.

Game seed: 7616472998848143605

242 Arctor the Magician (level 5, 0/37 HPs)
             Began as a Demonspawn Hedge Wizard on Feb 24, 2023.
             Slain by a gnoll
             ... wielding a +0 halberd
             ... led by a gnoll bouda
              (12 damage)
             ... on level 4 of the Dungeon.
             The game lasted 00:06:25 (4785 turns).

Arctor the Magician (Demonspawn Hedge Wizard)       Turns: 4785, Time: 00:06:26

Health: 0/37       AC:  4    Str: 11    XL:     5   Next: 82%
Magic:  2/10       EV: 12    Int: 17    God:
Gold:   160        SH:  0    Dex: 12    Spells: 7/11 levels left

rFire   . . .      SeeInvis .   g - +2 dagger (drain)
rCold   . . .      Faith    .   (no shield)
rNeg    . . .      Spirit   .   b - +0 robe
rPois   .          Reflect  .   c - +0 hat
rElec   .          Harm     .   (no cloak)
rCorr   .          Rampage  .   (no gloves)
Will    .....                   (no boots)
Stlth   ++........              (no amulet)
HPRegen 0.12/turn               (no ring)
MPRegen 0.12/turn               (no ring)

@: freezing walls
A: hooves 2, slimy green scales 1
a: no special abilities


You were on level 4 of the Dungeon.
You visited 1 branch of the dungeon, and saw 4 of its levels.

You collected 160 gold pieces.

Inventory:

Hand Weapons
 a - a +0 dagger
 g - a +2 dagger of draining (weapon)
 i - a +1 dagger of venom
Armour
 b - a +0 robe (worn)
 c - a +0 hat (worn)
Jewellery
 j - a ring of protection from fire
 m - a +4 ring of slaying
Scrolls
 k - a scroll of noise {unknown}
Potions
 d - a potion of magic
 e - a potion of berserk rage {unknown}
 f - a potion of haste {unknown}
 h - a potion of degeneration {unknown}
 l - a potion of lignification {unknown}


   Skills:
 + Level 1.4 Fighting
 + Level 1.7 Short Blades
 + Level 2.5 Dodging
 + Level 2.6 Stealth
 + Level 3.6 Spellcasting
 + Level 2.2 Conjurations
 - Level 1.7 Summonings
 - Level 1.5 Translocations
 + Level 1.1 Ice Magic


You had 7 spell levels left.
You knew the following spells:

 Your Spells              Type           Power      Damage    Failure   Level
a - Magic Dart            Conj           40%        1d5       7%          1
b - Frozen Ramparts       Ice            12%        1d2       30%         3

Your spell library contained the following spells:

 Spells                   Type           Power      Damage    Failure   Level
 Foxfire                  Conj/Fire      24%        2x1d5     11%         1
 Freeze                   Ice            24%        1d5       11%         1
 Call Imp                 Summ           8%         N/A       12%         2
 Blink                    Tloc           16%        N/A       13%         2
 Slow                     Hex            12%        N/A       17%         1
 Conjure Flame            Conj/Fire      6%         6-21      30%         3
 Mephitic Cloud           Conj/Pois/Air  5%         N/A       36%         3
 Inner Flame              Hex/Fire       3%         N/A       45%         3
 Hailstorm                Conj/Ice       8%         3d4       63%         4
 Flame Wave               Conj/Fire      6%         2d5       71%         4


Dungeon Overview and Level Annotations

Branches:
Dungeon (4/15)
 Temple: D:4-7

Altars:
Nemelex Xobeh

Shops:
D:2 [

Annotations:
D:2 Jessica, Sigmund


Innate Abilities, Weirdness & Mutations

You have hoof-like feet.
You are partially covered in slimy green scales. (AC +2)


Message History

The wall freezes the gnoll.
The gnoll closely misses you.
The wall freezes the gnoll.
The gnoll barely misses you.
The wall freezes the gnoll bouda.
The gnoll bouda barks out a call to the hunt!
The gnolls pick up the pace!
You hit the gnoll. You kick the gnoll, but do no damage.
The gnoll is severely wounded.
The wall freezes the gnoll.
The gnoll closely misses you.
The wall freezes the gnoll.
The gnoll closely misses you.
The wall freezes the gnoll bouda but does no damage.
The wall freezes the scorpion but does no damage.
You barely miss the gnoll. Your kick misses the gnoll.
The gnoll is severely wounded.
The wall freezes the gnoll.
The gnoll closely misses you.
The wall freezes the gnoll but does no damage.
The gnoll hits you from afar with a +0 halberd.
The wall freezes the gnoll bouda but does no damage.
You hit the gnoll.
You kill the gnoll!
The wall freezes the gnoll but does no damage.
The gnoll hits you from afar with a +0 halberd!
The wall freezes the gnoll bouda.
The gnoll bouda calls upon its god to heal the gnoll.
The gnoll's wounds heal themselves!
The wall freezes the scorpion but does no damage.
Your magical contamination has completely faded away.
You hit the scorpion.
You kick the scorpion, but do no damage.
The scorpion is lightly wounded.
The wall freezes the gnoll but does no damage.
The gnoll hits you but does no damage.
The wall freezes the scorpion.
The scorpion barely misses you.
The wall freezes the gnoll bouda but does no damage.
You closely miss the scorpion.
You kick the scorpion, but do no damage.
The scorpion is lightly wounded.
The wall freezes the scorpion but does no damage.
The scorpion stings you.
The wall freezes the gnoll.
The gnoll hits you from afar with a +0 halberd!
You die...

..# .....# #
...... .####
...... ####......
..... #.@sg....#
...# #.##g.##..
...# #.##...!.
...# #.......>.
...# #.).....#.
...#######
#.......#
.........#
#.####...
#........# #.# ..
#^.......######.#
.


You could see a gnoll bouda, a scorpion and a gnoll (swift).

Vanquished Creatures
  A howler monkey (D:3)
  An orc wizard (D:4)
  5 adders
  6 gnolls
  A worm (D:3)
  A dart slug (D:3)
  3 orcs (D:4)
  7 ball pythons
  7 bats
  6 endoplasms
  2 giant cockroaches (D:3)
  6 goblins
  5 hobgoblins
  2 jackals (D:2)
  6 quokkas
  5 frilled lizards
  4 kobolds
  4 rats
72 creatures vanquished.

Vanquished Creatures (collateral kills)
  A kobold (D:1)
1 creature vanquished.

Vanquished Creatures (others)
  2 plants (D:2)
2 creatures vanquished.

Grand Total: 75 creatures vanquished

Notes
Turn   | Place    | Note
-------+----------+-------------------------------------------
     0 | D:1      | Arctor the Demonspawn Hedge Wizard began the quest for the
                  | Orb.
     0 | D:1      | Reached XP level 1. HP: 13/13 MP: 4/4
     2 | D:1      | Noticed a demigod
     2 | D:1      | Noticed a vampire
     4 | D:1      | Noticed a palentonga
     4 | D:1      | Noticed an octopode
     6 | D:1      | Noticed a troll
     6 | D:1      | Noticed a felid
     8 | D:1      | Noticed a draconian
     8 | D:1      | Noticed a tengu
    10 | D:1      | Noticed a formicid
    12 | D:1      | Noticed a ghoul
    14 | D:1      | Noticed a demonspawn
    14 | D:1      | Noticed a human
    16 | D:1      | Noticed a meteoran
    16 | D:1      | Noticed a spriggan
    18 | D:1      | Noticed a minotaur
    18 | D:1      | Noticed a naga
    20 | D:1      | Noticed an elf
    20 | D:1      | Noticed a gargoyle
    22 | D:1      | Noticed an ogre
    22 | D:1      | Noticed a merfolk
    24 | D:1      | Noticed a merfolk
    26 | D:1      | Noticed a palentonga
    26 | D:1      | Noticed a vampire
   104 | D:1      | Reached skill level 1 in Translocations
   711 | D:1      | Gained mutation: You are partially covered in slimy green
                  | scales. (AC +2) [demonic ancestry]
   711 | D:1      | Reached XP level 2. HP: 19/19 MP: 4/6
  2316 | D:2      | Gained mutation: You have large cloven feet. [demonic
                  | ancestry]
  2316 | D:2      | Reached XP level 3. HP: 24/24 MP: 2/7
  2702 | D:2      | Found a faded altar of an unknown god.
  2866 | D:2      | Found Olidyan's Armour Boutique.
  2970 | D:2      | Reached skill level 1 in Short Blades
  3270 | D:2      | Noticed Sigmund
  3341 | D:3      | Learned a level 3 spell: Frozen Ramparts
  3540 | D:3      | Found a sparkling altar of Nemelex Xobeh.
  3593 | D:3      | Gained mutation: You have hoof-like feet. [demonic
                  | ancestry]
  3593 | D:3      | Reached XP level 4. HP: 30/30 MP: 2/8
  3600 | D:2      | Noticed Jessica
  3842 | D:3      | Reached XP level 5. HP: 21/36 MP: 4/10
  4130 | D:3      | Reached skill level 1 in Fighting
  4615 | D:4      | Reached skill level 1 in Ice Magic
  4785 | D:4      | Slain by a gnoll

Illustrated notes

Levels and vault maps discovered:
D:1:      kb_arrival_jail, layout_loops_corners, corexii_corridor_pit,
          chequers_big_river, minmay_misc_feat_rugged
D:2:      wad_woods_tower, layout_loops_corners, serial_shops,
          nicolae_shop_advertising_works [nicolae_subvault_shop_adworks],
          hellmonk_ecumenical_altar_leap_of_faith, uniq_sigmund, uniq_jessica
D:3:      layout_rooms, lemuel_crystal_altar
D:4:      layout_basic, elyvilon_altar_5, hellmonk_ghost_happy_afterlife,
          nicolae_elemental_shop, nicolae_shop_firing_range

Skill      XL: |  1  2  3  4  5 |
---------------+----------------+-----
Translocations | 1 |  1.5
Stealth        | 2 |  2.6
Dodging        | 2 |  2.5
Short Blades   | 1 |  1.7
Fighting       | 1 |  1.4
Conjurations   | 2 |  2.2
Ice Magic      | 1 |  1.1
Spellcasting   | |  3.6
Summonings     | |  1.7

Action                   |  1- 3 |  4- 6 || total
-------------------------+-------+-------++-------
Melee: Dagger            |    60 |    68 ||   128
       Kick              |     2 |    16 ||    18
       Punch             |       |     1 ||     1
 Cast: Magic Dart        |   119 |    26 ||   145
       Frozen Ramparts   |       |     6 ||     6
  Use: Potion            |     2 |       ||     2
       Scroll            |     1 |     3 ||     4
Armor: Robe              |    25 |    23 ||    48
Dodge: Dodged            |    75 |    45 ||   120
